 Dungeon Crawl Stone Soup version 0.26-a0-854-gdc81c2f471 (console) character file.

Game seed: 4587391023100110701

478 Ignak the Sneak (level 7, -1/50 HPs)
             Began as a Gnoll Enchanter on Nov 23, 2020.
             Killed by divine providence
             ... invoked by an orc priest
              (10 damage)
             ... on level 4 of the Dungeon.
             The game lasted 00:08:30 (3185 turns).

Ignak the Sneak (Gnoll Enchanter)                   Turns: 3185, Time: 00:08:30

Health: -1/50      AC:  9    Str: 10    XL:     7   Next: 11%
Magic:  1/15       EV: 13    Int: 17    God:
Gold:   251        SH:  0    Dex: 18    Spells: 3/17 levels left

rFire    . . .     SeeInvis .   e - +1 dagger (elec)
rCold    + . .     Faith    .   (no shield)
rNeg     . . .     Spirit   .   k - +2 ring mail {rC+}
rPois    .         Reflect  .   (no helmet)
rElec    .         Harm     .   (no cloak)
rCorr    .         Rampage  .   b - +0 pair of gloves
MR       .....                  o - +0 pair of boots
Stlth    +++.......             (no amulet)
HPRegen  0.16/turn              (no ring)
MPRegen  0.14/turn              (no ring)

@: no status effects
A: distributed training, fangs 1, strong nose
a: no special abilities


You were on level 4 of the Dungeon.
You visited 1 branch of the dungeon, and saw 4 of its levels.

You collected 251 gold pieces.

Inventory:

Hand Weapons
 e - a +1 dagger of electrocution (weapon)
Missiles
 t - 12 poisoned darts (quivered)
Armour
 b - a +0 pair of gloves (worn)
 k - a +2 ring mail of cold resistance (worn)
 o - a +0 pair of boots (worn)
Magical Staves
 l - an uncursed staff of fire
Scrolls
 a - 6 scrolls of identify {unknown}
 d - 2 scrolls of teleportation {unknown}
 f - 2 scrolls of fear {unknown}
 g - 3 scrolls of remove curse {unknown}
 p - a scroll of blinking {unknown}
 s - a scroll of enchant weapon {unknown}
Potions
 c - a potion of brilliance {unknown}
 h - a potion of flight {unknown}
 i - a potion of ambrosia {unknown}
 j - a potion of attraction {unknown}
 m - a potion of curing {unknown}
 n - a potion of lignification {unknown}
 q - a potion of heal wounds {unknown}


   Skills:
 + Level 2.2 Fighting
 + Level 3.4 Short Blades
 + Level 2.2 Long Blades
 + Level 2.2 Axes
 + Level 2.2 Maces & Flails
 + Level 2.2 Polearms
 + Level 2.2 Staves
 + Level 2.2 Slings
 + Level 2.2 Bows
 + Level 2.2 Crossbows
 + Level 2.2 Throwing
 + Level 2.2 Armour
 + Level 5.1 Dodging
 + Level 6.4 Stealth
 + Level 2.2 Shields
 + Level 2.2 Unarmed Combat
 + Level 5.5 Spellcasting
 + Level 1.8 Conjurations
 + Level 5.7 Hexes
 + Level 1.8 Summonings
 + Level 1.8 Necromancy
 + Level 1.8 Translocations
 + Level 1.8 Transmutations
 + Level 1.8 Fire Magic
 + Level 1.8 Ice Magic
 + Level 1.8 Air Magic
 + Level 1.8 Earth Magic
 + Level 1.8 Poison Magic
 + Level 2.5 Invocations
 + Level 2.2 Evocations


You had 3 spell levels left.
You knew the following spells:

 Your Spells              Type           Power        Failure   Level
a - Corona                Hex            ###....      3%          1
b - Blink                 Tloc           N/A          24%         2
c - Ensorcelled Hibernat  Hex/Ice        ###...       11%         2
d - Confusing Touch       Hex            ###.....     10%         3
e - Tukima's Dance        Hex            ###.....     10%         3
z - Dazzling Flash        Conj/Hex       ###...       22%         3

Your spell library contained the following spells:

 Spells                   Type           Power        Failure   Level
 Slow                     Hex            ###.....     4%          2
 Magic Dart               Conj           ##..         16%         1
 Call Imp                 Summ           ##......     24%         2
 Conjure Flame            Conj/Fire      ##......     43%         3
 Mephitic Cloud           Conj/Pois/Air  ##......     43%         3


Dungeon Overview and Level Annotations

Branches:
Dungeon (4/15)
 Temple: D:4-7

Altars:
Trog
Xom


Innate Abilities, Weirdness & Mutations

Your experience applies equally to all skills.
You have very sharp teeth.
Your uncanny sense of smell can sniff out nearby items.


Message History

Casting: Ensorcelled Hibernation (safe; 11% risk of failure)
Confirm with . or Enter, or press ? or * to list all spells.
Aiming: Ensorcelled Hibernation (safe; 11% risk of failure)
Press: ? - help, Shift-Dir - straight line, f/p - orc wizard
Aim: an orc wizard, wielding a +0 dagger and wearing a +0 robe (chance to defeat MR: 48%)
The orc wizard resists with some effort.
The orc wizard barely misses you.
Casting: Ensorcelled Hibernation (safe; 11% risk of failure)
Confirm with . or Enter, or press ? or * to list all spells.
Okay, then.
Casting: Ensorcelled Hibernation (safe; 11% risk of failure)
Confirm with . or Enter, or press ? or * to list all spells.
The orc wizard is dazzled.
The orc priest is dazzled. x2
The orc wizard misses you.
You catch the helpless orc wizard completely off-guard!
You impale the orc wizard!!
You kill the orc wizard!
The orc priest calls down the wrath of Beogh upon you.
Beogh smites you!
You die...

.# # ∆ # #.# # #. .# ##.##
#.##.####.# #.!.##
##.........# ....#
#........#### ...# >.
#.###.......######.###...#
####.##oo@..........#
#.#########.###### #.# #.#
..# #.# ### #.# #######.#
#....<..# #.####..# #.#
#..# ###


You could see 2 orc priests.

Vanquished Creatures
  Sigmund (D:3)
  A phantom (D:4)
  2 orc wizards (D:4)
  An iguana (D:4)
  Jessica (D:2)
  3 gnolls (D:4)
  5 adders
  An adder skeleton (D:4)
  A dart slug (D:1)
  A leopard gecko (D:1)
  7 orcs
  4 giant cockroaches
  6 goblins
  8 hobgoblins
  4 kobolds
  A ball python (D:2)
  9 bats
  7 frilled lizards
  4 rats
67 creatures vanquished.

Vanquished Creatures (others)
  A wizard (D:3)
1 creature vanquished.

Grand Total: 68 creatures vanquished

Notes
Turn   | Place    | Note
-------+----------+-------------------------------------------
     0 | D:1      | Ignak the Gnoll Enchanter began the quest for the Orb.
     0 | D:1      | Reached XP level 1. HP: 13/13 MP: 6/6
    75 | D:1      | Reached XP level 2. HP: 7/19 MP: 7/7
   339 | D:1      | Learned a level 2 spell: Ensorcelled Hibernation
   929 | D:1      | Reached XP level 3. HP: 25/25 MP: 9/9
   980 | D:1      | Reached skill level 5 in Spellcasting
  1305 | D:2      | Reached skill level 6 in Stealth
  1530 | D:2      | Reached skill level 1 in Invocations
  1634 | D:2      | Found a shimmering altar of Xom.
  1916 | D:3      | Noticed Jessica
  1922 | D:2      | Reached skill level 1 in Fighting
  1922 | D:2      | Reached skill level 1 in Long Blades
  1922 | D:2      | Reached skill level 1 in Axes
  1922 | D:2      | Reached skill level 1 in Maces & Flails
  1922 | D:2      | Reached skill level 1 in Polearms
  1922 | D:2      | Reached skill level 1 in Staves
  1922 | D:2      | Reached skill level 1 in Slings
  1922 | D:2      | Reached skill level 1 in Bows
  1922 | D:2      | Reached skill level 1 in Crossbows
  1922 | D:2      | Reached skill level 1 in Throwing
  1922 | D:2      | Reached skill level 1 in Armour
  1922 | D:2      | Reached skill level 1 in Shields
  1922 | D:2      | Reached skill level 1 in Unarmed Combat
  1922 | D:2      | Reached skill level 1 in Evocations
  2052 | D:2      | Killed Jessica
  2053 | D:2      | Reached XP level 4. HP: 28/32 MP: 2/11
  2190 | D:3      | Found a faded altar of an unknown god.
  2257 | D:3      | Reached skill level 1 in Conjurations
  2257 | D:3      | Reached skill level 1 in Summonings
  2257 | D:3      | Reached skill level 1 in Necromancy
  2257 | D:3      | Reached skill level 1 in Translocations
  2257 | D:3      | Reached skill level 1 in Transmutations
  2257 | D:3      | Reached skill level 1 in Fire Magic
  2257 | D:3      | Reached skill level 1 in Ice Magic
  2257 | D:3      | Reached skill level 1 in Air Magic
  2257 | D:3      | Reached skill level 1 in Earth Magic
  2257 | D:3      | Reached skill level 1 in Poison Magic
  2378 | D:3      | Found a bloodstained altar of Trog.
  2380 | D:3      | Noticed a wizard
  2385 | D:3      | Killed a wizard
  2388 | D:3      | Noticed Sigmund
  2391 | D:3      | Killed Sigmund
  2392 | D:3      | Reached XP level 5. HP: 38/38 MP: 12/12
  2392 | D:3      | Reached XP level 6. HP: 44/44 MP: 13/13
  2517 | D:3      | Learned a level 3 spell: Dazzling Flash
  2542 | D:4      | Learned a level 3 spell: Tukima's Dance
  2546 | D:4      | Learned a level 3 spell: Confusing Touch
  2606 | D:4      | Noticed a phantom
  2628 | D:4      | Killed a phantom
  2629 | D:4      | Reached skill level 5 in Dodging
  2685 | D:3      | Learned a level 2 spell: Blink
  3048 | D:4      | Reached XP level 7. HP: 47/50 MP: 11/15
  3185 | D:4      | Killed from afar by an orc priest

Illustrated notes

Levels and vault maps discovered:
D:1:      dpeg_arrival_fog, layout_rooms
D:2:      layout_basic, marbit_many_paths
D:3:      layout_rooms, chequers_ecumenical_altar_island, trog_wizard,
          uniq_sigmund, uniq_jessica
D:4:      layout_loops_corners

Skill      XL: |  1  2  3  4  5  6 |
---------------+-------------------+-----
Spellcasting   | 5 |  5.5
Stealth        | 6 |  6.4
Invocations    | 1 2 |  2.5
Fighting       | 1 2 |  2.2
Long Blades    | 1 2 |  2.2
Axes           | 1 2 |  2.2
Maces & Flails | 1 2 |  2.2
Polearms       | 1 2 |  2.2
Staves         | 1 2 |  2.2
Slings         | 1 2 |  2.2
Bows           | 1 2 |  2.2
Crossbows      | 1 2 |  2.2
Throwing       | 1 2 |  2.2
Armour         | 1 2 |  2.2
Shields        | 1 2 |  2.2
Unarmed Combat | 1 2 |  2.2
Evocations     | 1 2 |  2.2
Conjurations   | 1 |  1.8
Summonings     | 1 |  1.8
Necromancy     | 1 |  1.8
Translocations | 1 |  1.8
Transmutations | 1 |  1.8
Fire Magic     | 1 |  1.8
Ice Magic      | 1 |  1.8
Air Magic      | 1 |  1.8
Earth Magic    | 1 |  1.8
Poison Magic   | 1 |  1.8
Short Blades   | 3 |  3.4
Dodging        | 5 |  5.1
Hexes          | |  5.7

Action                   |  1- 3 |  4- 6 |  7- 9 || total
-------------------------+-------+-------+-------++-------
Melee: Dagger            |    97 |    77 |     7 ||   181
       Bite              |     8 |    11 |     1 ||    20
 Cast: Ensorcelled Hiber |    19 |    15 |     7 ||    41
       Confusing Touch   |       |     1 |       ||     1
       Dazzling Flash    |       |       |     1 ||     1
 Stab: Sleeping          |    25 |     8 |     2 ||    35
       Confused          |       |     2 |       ||     2
       Invisible         |       |       |     1 ||     1
Armor: Robe              |     9 |     6 |     1 ||    16
       Leather armour    |     1 |    13 |       ||    14
       Ring mail         |       |       |     1 ||     1
Dodge: Dodged            |    66 |    68 |     7 ||   141

Table legend: (Time is in decaauts)
 A = Elapsed time spent in this place.
 B = Non-inter-level travel time spent in this place.
 C = Inter-level travel time spent in this place.
 D = Time resting spent in this place.
 E = Time spent auto-exploring this place.
 F = Levels seen in this place.
 G = Mean time per level.
                   A        B        C        D        E       F      G
               +--------+--------+--------+--------+--------+-----+--------+
         Total |   3168 |   3107 |     61 |    789 |   1403 |   4 |  792.0 |
       Dungeon |   3168 |   3107 |     61 |    789 |   1403 |   4 |  792.0 |
               +--------+--------+--------+--------+--------+-----+--------+

Top non-repeatable levels by time:
     D:1: 1220 daAuts
     D:2: 827 daAuts
     D:4: 634 daAuts
     D:3: 486 daAuts
